Map: Orbital Shipyard

Players

Padparadscha - Winner!

  • Race: Zerg Zerg
  • League: Diamond

NeverZ

  • Race: Terran Terran
  • League: Platinum

VOD

Have the link to the VOD?

Description

Time

  • Played on: Dec. 9, 2015, 7:06 a.m.
  • Length: 14:01
Show
View Real Time Build Order
Export as new Build Order

Padparadscha Zerg - Winner!

Build Orders: Hatch First, Muta Ling Bane 

Get SALT Encoding   

  12  0:01  Drone  
  13  0:15  Drone  
  13  0:17  Overlord  
  14  0:37  Drone x3  
  17  0:56  Hatchery  
  16  0:59  Drone  
  17  1:13  Spawning Pool  
  16  1:23  Drone x2  
  18  1:25  Extractor  
  18  1:26  Drone  
  18  1:36  Drone  
  19  1:45  Drone  
  20  1:56  Overlord  
  20  2:00  Queen  
  22  2:07  Queen  
  24  2:08  Zergling x2  
  24  2:10  Zergling x2  
  26  2:19  Drone x2  
  28  2:38  Hatchery  
  27  2:50  Queen  
  29  2:52  Queen  
  29  2:55  Drone  
  29  2:58  Drone  
  33  3:10  Drone x3  
  36  3:16  Overlord  
  36  3:23  Overlord  
  36  3:38  Lair, Drone  
  36  3:39  Drone x4  
  41  3:43  Extractor  
  41  3:46  Drone  
  41  3:48  Extractor x2  
  39  3:52  Drone x2  
  40  4:10  Metabolic Boost  
  40  4:11  Zergling x4  
  40  4:12  Zergling x8  
  46  4:23  Drone  
  46  4:24  Drone x6  
  52  4:44  Drone  
  52  4:45  Drone x2, Spine Crawler  
  54  4:54  Drone x3  
  54  4:57  Overlord x3  
  57  5:03  Spire  
  54  5:20  Overseer  
  51  5:27  Spore Crawler, Drone  
  51  5:28  Drone x8  
  54  5:29  Drone x2  
  54  5:34  Spore Crawler  
  56  5:42  Drone  
  56  5:43  Drone x3  
  56  5:44  Spore Crawler  
  58  5:55  Drone x5  
  58  5:56  Drone  
  64  6:08  Drone x3  
  64  6:09  Drone  
  68  6:15  Drone  
  66  6:25  Zergling x12  
  70  6:40  Evolution Chamber x2  
  70  6:42  Spine Crawler  
  70  6:43  Drone x3  
  70  6:47  Extractor  
  69  6:54  Extractor  
  69  6:55  Zerg Flyer Weapons Level 1  
  69  6:56  Mutalisk x3, Infestation Pit  
  73  7:07  Drone x4  
  77  7:12  Hatchery  
  76  7:15  Spine Crawler  
  76  7:22  Queen  
  77  7:32  Overseer  
  77  7:40  Overseer  
  77  7:43  Hive  
  77  7:48  Zerg Melee Weapons Level 1  
  77  7:52  Zerg Ground Armor Level 1  
  77  7:53  Mutalisk x2  
  77  7:55  Drone  
  77  7:56  Overlord x7  
  77  7:57  Overlord  
  82  8:11  Overseer  
  82  8:31  Baneling Nest  
  81  8:36  Queen  
  81  8:39  Drone x8  
  91  8:41  Mutalisk x4  
  91  8:42  Mutalisk x4  
  107  8:57  Mutalisk x2  
  111  9:09  Ultralisk Cavern  
  110  9:13  Drone x4  
  110  9:14  Overlord  
  110  9:15  Drone x3  
  110  9:16  Centrifical Hooks  
  117  9:24  Extractor  
  117  9:25  Extractor  
  115  9:40  Zergling x14  
  115  9:41  Baneling x5  
  115  9:42  Baneling x3  
  115  9:43  Zergling x8  
  115  9:44  Zergling x2  
  127  9:58  Ultralisk x2  
  115  10:56  Pneumatized Carapace  
  113  10:57  Mutalisk x3  
  113  10:59  Ultralisk x2  
  113  11:00  Overlord x3  
  113  11:01  Overlord x2  
  131  11:06  Zerg Ground Armor Level 2, Zerg Melee Weapons Level 2  
  131  11:15  Drone  
  131  11:16  Drone x3  
  135  11:18  Overlord x3  
  135  11:36  Ultralisk x2  
  135  11:37  Ultralisk  
  152  11:50  Ultralisk x2  
  152  11:51  Zergling x4  
  152  11:52  Zergling x18  
  152  11:53  Zergling x2  
  176  12:01  Corruptor  
  176  12:02  Corruptor x2  
  176  12:04  Hatchery  
  181  12:23  Chitinous Plating  
  181  12:27  Adrenal Glands  
  181  12:28  Zergling x10  
  181  12:29  Zergling x18  
  196  12:30  Zergling x10  
  200  12:58  Baneling x5  
  199  12:59  Baneling x8  
  199  13:00  Baneling x6  
Show
View Real Time Build Order
Export as new Build Order

NeverZ Terran 

Build Orders: Hellion Banshee, MMM Bio 

Get SALT Encoding   

  12  0:01  SCV  
  13  0:13  SCV  
  14  0:22  Supply Depot  
  14  0:25  SCV  
  15  0:29  Refinery  
  15  0:45  Barracks  
  15  0:48  SCV  
  16  1:00  SCV  
  17  1:12  SCV  
  18  1:36  Barracks Reactor  
  18  1:38  Orbital Command  
  18  1:43  Supply Depot  
  18  1:46  Refinery  
  18  1:55  Factory  
  18  2:14  SCV  
  19  2:16  Marine x2  
  21  2:34  SCV  
  22  2:40  Starport  
  22  2:46  SCV  
  22  2:49  Barracks Tech Lab  
  23  2:57  Supply Depot  
  23  3:00  Hellion x2  
  23  3:01  SCV  
  28  3:09  Engineering Bay  
  28  3:13  SCV  
  28  3:25  Barracks Tech Lab  
  28  3:26  Hellion x2  
  32  3:29  Cloaking Field  
  32  3:32  SCV  
  33  3:37  Banshee  
  36  3:44  SCV  
  37  3:58  Hellion  
  39  4:04  Supply Depot  
  39  4:26  SCV, Hellion  
  39  4:30  Terran Infantry Weapons Level 1  
  42  4:36  Barracks  
  42  4:37  Stimpack  
  42  4:38  SCV, Barracks x2  
  43  4:50  SCV  
  44  5:02  SCV  
  43  5:17  Command Center  
  35  5:45  Hellion x2  
  39  5:50  Barracks Reactor, Barracks Tech Lab  
  39  5:52  Barracks Tech Lab  
  39  5:58  SCV  
  39  6:02  Engineering Bay  
  40  6:24  Terran Infantry Armor Level 1  
  40  6:25  Combat Shields  
  40  6:26  Concussive Shells  
  40  6:31  Command Center, Orbital Command  
  40  6:33  Missile Turret  
  40  6:34  Missile Turret  
  40  6:44  Missile Turret  
  40  6:56  Marine x2  
  40  6:57  Marine x3  
  45  7:03  SCV x2  
  45  7:07  Missile Turret  
  47  7:12  Armory  
  47  7:14  Marine x2  
  49  7:16  Marine x3  
  52  7:29  Medivac  
  54  7:32  Marine x2  
  56  7:46  Marine  
  56  7:47  Marine x2  
  56  7:50  Marine x2  
  61  7:52  Hellion  
  61  7:55  SCV x2  
  65  7:59  Medivac  
  65  8:04  Marine  
  68  8:12  Liberator  
  68  8:17  Terran Infantry Weapons Level 2  
  68  8:22  Supply Depot  
  68  8:23  Supply Depot  
  68  8:25  Terran Infantry Armor Level 2  
  67  8:28  Missile Turret  
  67  8:31  Missile Turret  
  67  8:34  Missile Turret  
  70  8:36  SCV  
  70  8:37  Refinery  
  71  8:42  Orbital Command  
  71  8:50  SCV x2  
  71  8:55  Liberator  
  73  9:00  Marine x3  
  73  9:01  Missile Turret  
  73  9:02  Refinery  
  79  9:17  Marine  
  79  9:18  Marine x3  
  79  9:19  Hellbat  
  79  9:21  SCV x2  
  87  9:33  Missile Turret  
  87  9:34  SCV  
  87  9:35  SCV x2, Missile Turret  
  90  9:59  Supply Depot  
  90  10:00  Supply Depot x2  
  86  10:24  Supply Depot  
  86  10:25  Supply Depot, SCV  
  86  10:26  SCV x2  
  86  10:33  Marine  
  86  10:34  Marine x3  
  90  10:36  Missile Turret  
  90  10:39  Missile Turret  
  88  10:44  Marine  
  82  10:51  Marine x2  
  82  10:52  Marine  
  82  10:53  SCV x3  
  88  10:57  Missile Turret  
  88  11:05  SCV  
  88  11:07  Ghost Academy, Marauder x2  
  88  11:10  Marauder  
  95  11:14  Barracks  
  95  11:15  Barracks  
  95  11:17  Barracks  
  98  11:29  Marauder x2  
  98  11:31  Marauder  
  100  11:39  Barracks  
  99  11:40  Starport Reactor  
  96  11:50  Marauder x2  
  96  11:51  Supply Depot, Hellbat x2  
  96  11:53  Supply Depot, Marauder  
  106  12:05  Barracks Tech Lab  
  106  12:06  Barracks Tech Lab  
  106  12:07  Barracks Tech Lab  
  96  12:11  Marauder  
  96  12:12  SCV x2  
  100  12:18  Medivac x2  
  100  12:21  Command Center  
  104  12:35  Marauder  
  104  12:36  Marauder x3  
  112  12:49  SCV x3, Supply Depot  
  112  12:50  Supply Depot  
  115  12:54  Marauder x2  
  115  12:56  Ghost x2  
  115  12:58  Marine x4  
  118  13:01  SCV  
  122  13:13  Supply Depot  
  122  13:20  Ghost x2  
  122  13:21  Ghost x2  
  122  13:23  Medivac  
  122  13:25  Ghost  
Tags
 
Add a new tag
Caveats
  • Supply blocks, unpowered buildings, or Contaminate may cause inaccurate times.
  • Supply counts are checked every 10 seconds.